 Dungeon Crawl Stone Soup version 0.22.1-5-g62c59d9 (webtiles) character file.

39 Yuikono the Gusty (level 3, -1/19 HPs)
             Began as a Tengu Air Elementalist on Jan 15, 2019.
             Slain by a leopard gecko (4 damage)
             ... on level 2 of the Dungeon.
             The game lasted 00:03:32 (1121 turns).

Yuikono the Gusty (Tengu Air Elementalist)          Turns: 1121, Time: 00:03:33

Health: -1/19      AC:  2    Str:  8    XL:     3   Next: 47%
Magic:  4/7        EV: 12    Int: 16    God:
Gold:   86         SH:  0    Dex: 14    Spells: 1/7 levels left

rFire    . . .     SeeInvis .   e - +0 short sword
rCold    . . .     Gourm    .   (no shield)
rNeg     . . .     Faith    .   a - +0 robe
rPois    .         Spirit   .   (helmet restricted)
rElec    .         Reflect  .   (no cloak)
rCorr    .         Harm     .   (no gloves)
MR       .....                  (boots unavailable)
Stlth    ++........             (no amulet)
HPRegen  0.06/turn              (no ring)
MPRegen  0.10/turn              (no ring)

@: no status effects
A: beak, talons 3
a: no special abilities


You were on level 2 of the Dungeon.
You were hungry.

You visited 1 branch of the dungeon, and saw 2 of its levels.

You collected 86 gold pieces.

Inventory:

Hand Weapons
 e - a +0 short sword (weapon)
Missiles
 d - 18 bolts
 g - 54 stones (quivered)
 h - 30 poisoned needles
 i - 47 sling bullets
 n - 68 arrows
Armour
 a - a +0 robe (worn)
Scrolls
 f - a scroll of teleportation
 j - a scroll of blinking
 k - a scroll of identify {unknown}
 m - a scroll of remove curse {unknown}
 o - a scroll of fog {unknown}
Potions
 b - a potion of might {unknown}
 l - a potion of curing {unknown}
Comestibles
 c - a ration


   Skills:
 - Level 2.1 Dodging
 - Level 2.0 Stealth
 + Level 2.5 Spellcasting
 + Level 2.7 Conjurations
 + Level 4.7 Air Magic


You had one spell level left.
You knew the following spells:

 Your Spells              Type           Power        Failure   Level  Hunger
a - Shock                 Conj/Air       ##..         4%          1    #......
b - Swiftness             Chrm/Air       #.......     11%         2    ##.....
c - Static Discharge      Conj/Air       ##......     13%         3    ###....

Your spell library contained the following spells:

 Spells                   Type           Power        Failure   Level  Hunger
 Airstrike                Air            ###.......   28%         4    #####..
 Lightning Bolt           Conj/Air       ##........   75%         5    ######.


Dungeon Overview and Level Annotations

Branches:
Dungeon (2/15)

Altars:


Innate Abilities, Weirdness & Mutations

You have a beak for a mouth.
You have claws for feet.


Message History

As you read the scroll labeled VIOFAJ FIYVIO, it crumbles to dust.
It was a scroll of blinking.
o - a scroll labeled QUUNUY UNASU Your surroundings suddenly seem different.
The worm bites you.
Found a scroll labeled VERENAF LEATOA, a ration and a leather armour.
A worm comes into view.
Casting: Shock (safe; 4% risk of failure)
Confirm with . or Enter, or press ? or * to list all spells.
The worm is struck by lightning.
The worm is moderately wounded.
The lightning arcs!
You are struck by lightning.
The lightning grounds out.
The worm bites you!
* * * LOW HITPOINT WARNING * * *
Found a scroll labeled QOETZAMOYL.
A leopard gecko comes into view.
The leopard gecko hisses angrily.
Found a chain mail.
The leopard gecko bites you.
You die...

..# #.# #.# # #..
.# #. #.##.#... #
#......#..#
#######.#[...#..#
.......@.....#..#
....?.l.###.....#
...............#
...............#
..........w....#
########......##
#......# #......#
#..?...#


You could see a worm and a leopard gecko.

Vanquished Creatures
  A dart slug (D:1)
  2 leopard geckos (D:1)
  6 bats
  A giant cockroach (D:1)
  6 hobgoblins (D:1)
  A ball python (D:1)
  3 frilled lizards
  3 goblins
  6 kobolds
  8 rats
37 creatures vanquished.

Notes
Turn   | Place    | Note
-------+----------+-------------------------------------------
     0 | D:1      | Yuikono the Tengu Air Elementalist began the quest for the
                  | Orb.
     0 | D:1      | Reached XP level 1. HP: 10/10 MP: 4/4
    97 | D:1      | Reached XP level 2. HP: 14/15 MP: 1/6
   163 | D:1      | Learned a level 2 spell: Swiftness
   704 | D:1      | Reached XP level 3. HP: 15/19 MP: 7/7
   957 | D:2      | Learned a level 3 spell: Static Discharge
  1121 | D:2      | Slain by a leopard gecko

Skill      XL: |  1  2 |
---------------+-------+-----
Conjurations   | 2 |  2.7
Dodging        | |  2.1
Stealth        | |  2.0
Spellcasting   | |  2.5
Air Magic      | |  4.7

Action                   || total
-------------------------++-------
Melee: Unarmed           ||     4
       Short sword       ||    36
       Kick              ||     9
       Peck              ||     4
 Cast: Shock             ||    24
       Static Discharge  ||     1
  Use: Scroll            ||     2
 Stab: Sleeping          ||     4
Armor: Robe              ||     7
Dodge: Dodged            ||    27
